 Dungeon Crawl Stone Soup version 0.14.0-17-gc0b17a5 (webtiles) character file.

197 Infinimo the Chopper (level 4, 0/39 HPs)
             Began as a Minotaur Berserker on Apr 18, 2014.
             Was a Believer of Trog.
             Killed from afar by an orc wizard (4 damage)
             ... with a puff of flame
             ... on Level 3 of the Dungeon.
             The game lasted 00:04:17 (1869 turns).

Infinimo the Chopper (Minotaur Berserker)           Turns: 1869, Time: 00:04:18

HP   0/39        AC 12     Str 21      XL: 4   Next: 81%
MP   2/2         EV  7     Int  5      God: Trog [**....]
Gold 73          SH  0     Dex 10      Spells:  0 memorised,  3 levels left

rFire  . . .     SeeInvis .     a - +0 hand axe
rCold  . . .     Clarity  .     d - +1 chain mail
rNeg   . . .     Conserve .     (no shield)
rPois  .         rCorr    .     (helmet restricted)
rElec  .         rRot     .     p - +1 cloak
SustAb . .       Spirit   .     (no gloves)
rMut   .         Warding  .     (no boots)
Gourm  +         Stasis   .     n - amulet of the gourmand
MR     .....                    (no ring)
                                (no ring)

@: not resistant to hostile enchantments, extremely unstealthy
A: retaliatory headbutt, horns 2
a: Burn Spellbooks, Berserk, Trog's Hand, Renounce Religion


You were on level 3 of the Dungeon.
You worshipped Trog.
Trog was pleased with you.
You were hungry.

You visited 1 branch of the dungeon, and saw 3 of its levels.

You collected 73 gold pieces.

Inventory:

Hand weapons
 a - a +0,+0 hand axe (weapon)
Armour
 d - a +1 chain mail (worn)
 p - a +1 cloak (worn)
Comestibles
 b - a royal jelly
 c - 5 bread rations
 f - a meat ration
Scrolls
 k - 2 scrolls of immolation
Jewellery
 g - a cursed -3,-2 ring of slaying
 n - an amulet of the gourmand (around neck)
Potions
 e - 2 potions of invisibility
 h - 3 potions of curing {unknown}
 j - a potion of might {unknown}
 l - 2 potions of heal wounds {unknown}
 m - a potion of agility {unknown}
 o - 3 potions of confusion {unknown}


   Skills:
 - Level 3.6 Fighting
 * Level 5.9 Axes
 + Level 4.0 Armour
 - Level 2.1 Dodging


You had 3 spell levels left.
You didn't know any spells.

Dungeon Overview and Level Annotations

Branches:
Dungeon (3/15)

Altars:
Nemelex Xobeh


Innate Abilities, Weirdness & Mutations

You reflexively headbutt those who attack you in melee.
You have a pair of horns on your head.


Message History

You hear some strange, mumbled words.
The magic dart hits you!
No target in view!
No target in view!
No target in view!
No target in view!
You see here a short sword.
Something hits you.
You hear some strange, mumbled words.
The puff of flame hits you!
You hit something but do no damage.
You hear some strange, mumbled words.
The magic dart hits you!
You hear some strange, mumbled words.
The puff of flame hits you!
* * * LOW HITPOINT WARNING * * *
You hit something but do no damage.
You hear some strange, mumbled words.
The puff of flame hits you!
You die...

#.........# .#
#..#.####.# .#
.........<# ##++
##.####.##.####.#
#...##........ #<...#
#..#...####.)#########
!.# ....................
.?(...#.#.####..#########
........@.)........#
.###....#)########?#
#....#.# # #....#.#
......... ####.##.# ..
... #. ###


There were no monsters in sight!

Vanquished Creatures
  Crazy Yiuf (D:2)
  4 adders
  A worm (D:2)
  A giant mite (D:2)
  3 giant geckos
  2 orcs (D:3)
  A ball python (D:1)
  3 bats
  7 goblins
  6 hobgoblins
  3 jackals (D:1)
  2 kobolds
  2 quokkas (D:2)
  2 giant cockroaches
  A giant newt (D:2)
  5 rats
44 creatures vanquished.

Notes
Turn   | Place    | Note
--------------------------------------------------------------
     0 | D:1      | Infinimo, the Minotaur Berserker, began the quest for the Orb.
     0 | D:1      | Reached XP level 1. HP: 19/19 MP: 1/1
    40 | D:1      | Reached skill level 4 in Axes
    52 | D:1      | Reached XP level 2. HP: 8/26 MP: 1/1
  1061 | D:2      | Reached XP level 3. HP: 31/31 MP: 2/2
  1087 | D:2      | Noticed Crazy Yiuf
  1095 | D:2      | Killed Crazy Yiuf
  1095 | D:2      | Acquired Trog's second power
  1095 | D:2      | Reached skill level 5 in Axes
  1215 | D:2      | Reached XP level 4. HP: 35/39 MP: 2/2
  1409 | D:2      | Found a sparkling altar of Nemelex Xobeh.
  1869 | D:3      | Killed from afar by an orc wizard

Action                   |  1- 3 |  4- 6 || total
-------------------------+-------+-------++-------
Melee: Hand axe          |    61 |    49 ||   110
Invok: Berserk           |     2 |     1 ||     3
  Use: Scroll            |     6 |     3 ||     9
